 Dungeon Crawl Stone Soup version 0.32-a0-135-g14f8b2e1af (webtiles) character file.

Game seed: 2886261408390317240

85 iamserjio the Grasshopper (level 4, -2/36 HPs)
             Began as a Demigod Warper on Feb 10, 2024.
             Slain by a phantom (4 damage)
             ... on level 4 of the Dungeon.
             The game lasted 00:06:47 (1006 turns).

iamserjio the Grasshopper (Demigod Warper)          Turns: 1006, Time: 00:06:48

Health: -2/36      AC:  3    Str: 11 (12) XL:     4   Next: 5%
Magic:  1/10       EV: 11    Int: 18 (19) God:
Gold:   139        SH:  0    Dex: 11 (13) Spells: 1/7 levels left

rFire   + .          .
                       - Unarmed
rCold   + . .        (no shield)
rNeg    . . .        a - +0 leather armour
rPois   .            (no helmet)
rElec   .            (no cloak)
rCorr   .            (no gloves)
SInv    .            (no boots)
Will    +....        (no amulet)
Stlth   +            g - ring of protection from fire
HPRegen 0.26/turn    j - ring of protection from cold
MPRegen 0.12/turn

%: no passive effects
@: enlightened, flying
A: high MP 1, forlorn, divine attributes
a: no special abilities


You were on level 4 of the Dungeon.
You visited 1 branch of the dungeon, and saw 4 of its levels.

You collected 139 gold pieces.

Inventory:

Hand Weapons
 m - a +0 dagger
Missiles
 c - 7 darts of dispersal
 l - 4 poisoned darts
Armour
 a - a +0 leather armour (worn)
 d - a +0 chain mail
 h - a +0 scale mail
 r - a +0 cloak
 s - a +0 pair of boots
Jewellery
 g - a ring of protection from fire (left hand)
 j - a ring of protection from cold (right hand)
Scrolls
 b - 2 scrolls of blinking {@r4}
 n - a scroll of poison {unknown}
 o - a scroll of identify {unknown}
 p - a scroll of vulnerability {unknown}
 t - a scroll of fog {unknown}
Potions
 i - a potion of invisibility {unknown}
 k - a potion of mutation {unknown}
 q - a potion of brilliance {unknown}


   Skills:
 - Level 2.2 Fighting
 - Level 0.8 Throwing
 - Level 0.8 Armour
 - Level 1.7 Dodging
 - Level 2.6 Unarmed Combat
 + Level 2.2 Spellcasting
 - Level 0.2 Conjurations
 - Level 2.6 Translocations
 * Level 2.0 Earth Magic


You had one spell level left.
You knew the following spells:

 Your Spells              Type           Power      Damage    Failure   Level
a - Sandblast             Erth           18%        2d7       10%         1
b - Passwall              Erth           9%         N/A       30%         3
c - Blink                 Tloc           22%        N/A       12%         2

Your spell library contained the following spells:

 Spells                   Type           Power      Damage    Failure   Level
 Lesser Beckoning         Tloc           22%        N/A       12%         2
 Teleport Other           Tloc           11%        N/A       22%         3
 Stone Arrow              Conj/Erth      12%        3d7       41%         3
 Manifold Assault         Tloc           11%        N/A       58%         4
 Vhi's Electric Charge    Tloc/Air       12%        N/A       80%         4
 Brom's Barrelling Bould  Conj/Erth      6%         2d3       82%         4


Dungeon Overview and Level Annotations

Branches:
Dungeon (4/15) Zot: 22972
 Temple: D:4-7


Innate Abilities, Weirdness & Mutations

You have an increased reservoir of magic. (+10% MP)
You shall have no god before yourself.
Your divine heritage dramatically boosts your attributes as you level up.


Message History

* * * LOW HITPOINT WARNING * * *
Aiming: Sandblast (safe; 9% risk of failure)
Press: ? - help, Q - select action, (/) - cycle Shift-Dir - straight line, f/p - phantom
Aim: a phantom (heavily damaged, 73% to hit)
The blast of sand misses the phantom.
The adder barely misses you. The phantom barely misses you.
The adder barely misses you. The phantom barely misses you.
Aiming: Sandblast (safe; 9% risk of failure)
Press: ? - help, Q - select action, (/) - cycle Shift-Dir - straight line, f/p - phantom
Aim: a phantom (heavily damaged, 73% to hit)
The blast of sand hits the phantom.
The adder bites you.
* * * LOW HITPOINT WARNING * * *
The phantom hits you.
* * * LOW HITPOINT WARNING * * *
The phantom blinks!
You blink.
Aiming: Sandblast (safe; 9% risk of failure)
Press: ? - help, Q - select action, (/) - cycle Shift-Dir - straight line, f/p - phantom
Aim: a phantom (severely damaged, 73% to hit)
The blast of sand hits the phantom.
The phantom closely misses you. The phantom barely misses you.
Aiming: Sandblast (safe; 9% risk of failure)
Press: ? - help, Q - select action, (/) - cycle Shift-Dir - straight line, f/p - phantom
Aim: a phantom (severely damaged, 73% to hit)
The blast of sand hits the phantom.
The adder closely misses you. The phantom hits you.
* * * LOW HITPOINT WARNING * * *
The adder closely misses you.
It was a potion of enlightenment.
You feel very buoyant.
You fly up into the air.
The phantom hits you.
* * * LOW HITPOINT WARNING * * *
The adder bites you.
* * * LOW HITPOINT WARNING * * *
It was a potion of degeneration.
There was something very wrong with that liquid.
You feel weakened.
You feel dopey.
You feel clumsy. The adder barely misses you. The phantom hits you.
You die...

....# .... #.
##..# #.# #..# #.#
#####.######## #.#
#..§......?..#
#.###†###........#
#####.#...#
#........#
#.......###
#.@S.....#
#.##...?.#
#W.......# #.....#
#........# #.....#
##########
.#######'###
..!..#...####
##.........#
#..........#
#S#....)...#


You could see a phantom and an adder.

Vanquished Creatures
  2 adders (D:3)
  A dart slug (D:3)
  A ribbon worm (D:3)
  2 orcs (D:3)
  3 ball pythons
  9 endoplasms
  9 hobgoblins
  2 jackals (D:1)
  5 quokkas
  2 bats (D:3)
  2 frilled lizards
  7 goblins
  4 kobolds
  5 rats
54 creatures vanquished.

Notes
Turn   | Place    | Note
-------+----------+-------------------------------------------
     0 | D:1      | iamserjio the Demigod Warper began the quest for the Orb.
     0 | D:1      | Reached XP level 1. HP: 17/17 MP: 5/5
   216 | D:2      | Reached XP level 2. HP: 21/24 MP: 7/7
   358 | D:3      | Learned a level 1 spell: Sandblast
   413 | D:3      | Reached XP level 3. HP: 21/29 MP: 0/8
   449 | D:3      | Learned a level 3 spell: Passwall
   518 | D:3      | Reached skill level 1 in Earth Magic
   594 | D:3      | Learned a level 2 spell: Blink
   919 | D:4      | Reached XP level 4. HP: 33/36 MP: 6/10
   991 | D:4      | Noticed a phantom
  1006 | D:4      | Slain by a phantom

Illustrated notes

Levels and vault maps discovered:
D:1:      lightli_arrival_maybe_door_vault, layout_rooms,
          wander_ebering_terrifying_dragon_lair
D:2:      layout_basic, serial_bayou, serial_bayou_lagoon_a,
          serial_bayou_crossing, serial_bayou_pond_c, serial_bayou_pond_d,
          serial_bayou_pond_c
D:3:      minmay_thinvault, layout_basic, nicolae_ecumenical_snake_handling,
          minmay_surrounded
D:4:      layout_basic, serial_shops, shop

Skill      XL: |  1  2  3  4 |
---------------+-------------+-----
Unarmed Combat | 2 |  2.6
Fighting       | 2 |  2.2
Earth Magic    | 1 2 |  2.0
Spellcasting   | 2 |  2.2
Throwing       | |  0.8
Armour         | |  0.8
Dodging        | |  1.7
Conjurations   | |  0.2
Translocations | |  2.6

Action                     |  1- 3 |  4- 6 || total
---------------------------+-------+-------++-------
  Melee: Unarmed           |    99 |     1 ||   100
         Punch             |     3 |       ||     3
   Cast: Sandblast         |    36 |    13 ||    49
         Passwall          |     2 |       ||     2
    Use: Potion            |       |     2 ||     2
 Armour: Leather armour    |    42 |    14 ||    56
         Scale mail        |    23 |       ||    23
  Dodge: Dodged            |    63 |    12 ||    75

Table legend: (Time is in decaauts)
 A = Elapsed time spent in this place.
 B = Non-inter-level travel time spent in this place.
 C = Inter-level travel time spent in this place.
 D = Time resting spent in this place.
 E = Time spent auto-exploring this place.
 F = Levels seen in this place.
 G = Mean time per level.
                   A        B        C        D        E       F      G
               +--------+--------+--------+--------+--------+-----+--------+
         Total |   1026 |    870 |    156 |      0 |     49 |   4 |  256.5 |
       Dungeon |   1026 |    870 |    156 |      0 |     49 |   4 |  256.5 |
               +--------+--------+--------+--------+--------+-----+--------+

Top non-repeatable levels by time:
     D:3: 566 daAuts
     D:2: 186 daAuts
     D:4: 143 daAuts
     D:1: 129 daAuts
